Map: Orbital Shipyard

Players

ImotoFantasy - Winner!

  • Race: Protoss Protoss
  • League: Platinum

Mason

  • Race: Zerg Zerg
  • League: Platinum

VOD

Have the link to the VOD?

Description

Time

  • Played on: Oct. 30, 2015, 12:22 a.m.
  • Length: 16:51
Show
View Real Time Build Order
Export as new Build Order

ImotoFantasy Protoss - Winner!

Build Orders: Oracle Opening 

Get SALT Encoding   

  12  0:01  Probe (Chrono Boost)  
  13  0:11  Probe (Chrono Boost)  
  14  0:20  Pylon  
  14  0:23  Probe (Chrono Boost)  
  15  0:38  Probe (Chrono Boost)  
  16  0:49  Probe (Chrono Boost)  
  17  0:59  Probe (Chrono Boost)  
  18  1:07  Nexus  
  18  1:10  Probe (Chrono Boost)  
  19  1:22  Gateway  
  19  1:24  Probe (Chrono Boost)  
  20  1:29  Assimilator  
  20  1:32  Assimilator  
  20  1:34  Probe (Chrono Boost)  
  21  1:42  Pylon  
  21  1:45  Probe (Chrono Boost)  
  22  1:55  Probe (Chrono Boost)  
  23  2:06  Probe (Chrono Boost)  
  24  2:14  Cybernetics Core  
  24  2:16  Probe (Chrono Boost)  
  24  2:22  Probe (Chrono Boost)  
  26  2:27  Probe (Chrono Boost), Zealot  
  29  2:33  Probe (Chrono Boost)  
  29  2:35  Pylon  
  30  2:37  Probe (Chrono Boost)  
  30  2:43  Probe (Chrono Boost)  
  32  2:48  Probe (Chrono Boost)  
  32  2:50  Stargate  
  33  2:53  Warp Gate  
  33  2:55  Probe (Chrono Boost)  
  34  2:58  Pylon  
  34  3:02  Mothership Core (Chrono Boost)  
  37  3:20  Probe x2 (Chrono Boost)  
  37  3:23  Assimilator  
  38  3:29  Probe (Chrono Boost)  
  38  3:31  Probe (Chrono Boost), Assimilator  
  38  3:33  Oracle (Chrono Boost)  
  43  3:39  Probe  
  44  3:42  Probe  
  45  3:50  Probe  
  45  3:52  Nexus  
  45  3:53  Pylon  
  46  3:55  Probe, Pylon  
  46  4:00  Probe  
  48  4:06  Void Ray (Chrono Boost)  
  48  4:08  Probe  
  53  4:11  Probe  
  53  4:16  Forge  
  54  4:20  Probe  
  54  4:21  Probe  
  56  4:24  Pylon  
  56  4:38  Probe  
  56  4:40  Probe  
  56  4:43  Void Ray (Chrono Boost)  
  62  4:52  Fleet Beacon  
  62  4:55  Stargate  
  62  4:58  Probe  
  62  4:59  Photon Cannon  
  62  5:00  Probe  
  62  5:01  Photon Cannon  
  64  5:14  Probe x2  
  61  5:15  Probe  
  64  5:25  Probe x2  
  64  5:26  Carrier (Chrono Boost)  
  64  5:27  Probe, Assimilator  
  67  5:30  Photon Cannon  
  67  5:32  Assimilator  
  67  5:33  Pylon  
  67  5:34  Carrier (Chrono Boost)  
  67  5:37  Protoss Air Weapons Level 1 (Chrono Boost)  
  73  5:47  Probe  
  73  5:48  Probe  
  73  5:49  Probe  
  84  6:00  Probe  
  84  6:01  Probe x2  
  84  6:04  Pylon  
  85  6:08  Photon Cannon  
  85  6:13  Probe x3  
  85  6:14  Pylon  
  88  6:19  Pylon  
  88  6:22  Stargate  
  88  6:24  Pylon, Stargate  
  88  6:31  Sentry  
  88  6:32  Probe x2  
  92  6:35  Photon Cannon  
  92  6:38  Photon Cannon  
  92  6:39  Carrier  
  92  6:40  Photon Cannon  
  92  6:43  Photon Cannon  
  92  6:48  Photon Cannon  
  92  6:53  Carrier  
  98  7:06  Carrier  
  110  7:13  Phoenix  
  110  7:19  Protoss Air Weapons Level 2 (Chrono Boost)  
  110  7:31  Photon Cannon  
  110  7:32  Photon Cannon  
  110  7:35  Carrier  
  110  7:37  Photon Cannon x2  
  116  7:40  Pylon  
  116  7:54  Carrier  
  122  8:07  Carrier  
  128  8:22  Pylon  
  126  8:48  Carrier  
  132  9:01  Carrier  
  138  9:11  Carrier  
  138  9:23  Nexus  
  144  9:25  Pylon  
  144  9:26  Carrier, Robotics Facility  
  144  9:28  Pylon  
  144  9:32  Pylon  
  144  9:36  Pylon  
  150  9:41  Pylon  
  150  9:44  Assimilator  
  150  9:49  Phoenix, Assimilator  
  150  9:52  Photon Cannon  
  150  9:53  Probe x3, Photon Cannon  
  159  10:06  Photon Cannon x2  
  159  10:08  Photon Cannon  
  159  10:10  Photon Cannon  
  159  10:22  Carrier  
  165  10:33  Observer  
  166  10:41  Photon Cannon  
  166  10:42  Photon Cannon  
  130  11:12  Carrier x2  
  130  11:23  Carrier  
  148  11:47  Carrier  
  148  11:52  Photon Cannon  
  154  11:54  Photon Cannon  
  154  12:01  Protoss Air Armor Level 1 (Chrono Boost)  
  154  12:14  Nexus  
  154  12:15  Pylon  
  154  12:16  Pylon  
  154  12:20  Pylon  
  154  12:22  Assimilator  
  154  12:26  Carrier x2  
  154  12:27  Assimilator  
  154  12:32  Protoss Shields Level 1, Pylon  
  154  12:35  Pylon  
  166  12:45  Photon Cannon  
  166  12:46  Photon Cannon  
  166  12:48  Photon Cannon  
  166  12:49  Carrier  
  172  12:51  Photon Cannon  
  172  12:55  Photon Cannon  
  172  13:05  Nexus  
  172  13:06  Pylon  
  172  13:07  Pylon  
  172  13:09  Pylon  
  172  13:26  Photon Cannon x2  
  172  13:29  Photon Cannon  
  172  13:30  Probe  
  172  13:31  Probe  
  172  13:32  Probe x3, Photon Cannon  
  177  13:34  Pylon  
  177  13:49  Photon Cannon x2  
  177  13:51  Photon Cannon  
  177  13:53  Photon Cannon  
  177  14:00  Twilight Council  
  177  14:05  Photon Cannon  
  177  14:06  Photon Cannon  
  177  14:12  Photon Cannon  
  175  14:55  Carrier  
  175  14:56  Carrier  
  175  14:58  Nexus  
  171  15:00  Pylon x2  
  171  15:02  Pylon  
  171  15:07  Carrier x2  
  195  15:31  Zealot  
  195  15:34  Pylon  
  197  15:36  Pylon  
  195  15:48  Photon Cannon  
  195  15:49  Photon Cannon  
  195  15:51  Photon Cannon  
  195  15:52  Photon Cannon  
  188  15:59  Photon Cannon  
  188  16:03  Photon Cannon  
Show
View Real Time Build Order
Export as new Build Order

Mason Zerg 

Build Orders: Hatch First 

Get SALT Encoding   

  12  0:02  Drone  
  13  0:12  Overlord  
  13  0:17  Drone  
  14  0:30  Drone x2  
  14  0:35  Drone  
  17  0:51  Hatchery  
  17  0:54  Drone  
  17  0:57  Extractor  
  17  0:59  Drone  
  17  1:13  Spawning Pool  
  17  1:15  Drone  
  17  1:22  Drone  
  18  1:28  Drone  
  19  1:38  Overlord  
  19  2:01  Metabolic Boost, Queen  
  19  2:05  Zergling x4  
  23  2:11  Drone x2  
  26  2:15  Drone  
  26  2:17  Queen  
  28  2:26  Drone x2  
  30  2:39  Drone  
  30  2:42  Drone  
  30  2:43  Hatchery  
  31  2:45  Overlord  
  31  2:54  Drone x2  
  31  2:55  Queen  
  31  2:58  Drone  
  36  3:04  Drone  
  36  3:20  Drone x2  
  36  3:22  Drone x3  
  36  3:24  Extractor  
  36  3:26  Extractor  
  39  3:28  Roach Warren  
  38  3:35  Drone x2  
  38  3:37  Drone x2  
  38  3:40  Drone x2  
  44  3:53  Overlord  
  44  3:58  Drone  
  44  3:59  Drone x3  
  48  4:04  Evolution Chamber, Queen  
  48  4:05  Evolution Chamber, Queen  
  48  4:06  Extractor  
  48  4:07  Drone  
  48  4:09  Overlord  
  50  4:11  Lair  
  50  4:19  Drone x4  
  54  4:24  Drone x2  
  54  4:25  Drone x2  
  54  4:29  Spore Crawler  
  54  4:31  Spore Crawler  
  55  4:37  Spore Crawler  
  51  4:40  Spore Crawler  
  51  4:44  Drone  
  51  4:47  Drone  
  51  4:48  Drone x2  
  51  4:49  Zerg Missile Weapons Level 1  
  55  4:53  Zerg Ground Armor Level 1  
  55  4:54  Drone  
  55  4:59  Drone x2  
  57  5:21  Glial Reconstitution  
  57  5:23  Drone x2, Hydralisk Den  
  57  5:26  Overlord  
  58  5:29  Extractor  
  58  5:31  Extractor  
  58  5:32  Overlord  
  56  5:43  Overlord  
  56  5:44  Drone x2  
  56  5:49  Roach x4  
  65  5:56  Hydralisk x2, Muscular Augments  
  71  5:57  Roach x2  
  71  6:00  Overlord  
  71  6:03  Drone x4  
  71  6:04  Drone x3  
  80  6:17  Drone x2  
  80  6:18  Drone x5  
  85  6:19  Drone x2  
  89  6:29  Overlord  
  89  6:32  Ravager  
  90  6:35  Overlord  
  90  6:36  Overlord  
  90  6:43  Overlord  
  90  6:51  Drone  
  90  6:52  Drone x2, Overlord  
  93  6:56  Zerg Ground Armor Level 2, Zerg Missile Weapons Level 2  
  93  6:58  Roach  
  95  7:13  Hydralisk x3, Roach  
  95  7:14  Roach x3  
  109  7:16  Lurker Den  
  109  7:18  Hatchery  
  109  7:19  Extractor  
  109  7:21  Hydralisk  
  109  7:22  Roach x2  
  115  7:23  Roach  
  115  7:28  Ravager x2  
  115  7:29  Ravager x3  
  120  7:34  Hydralisk x2  
  120  7:35  Hydralisk  
  126  8:05  Infestation Pit  
  126  8:09  Ravager  
  126  8:10  Ravager x4  
  126  8:11  Overlord x3  
  124  8:38  Hydralisk x3  
  124  8:39  Hydralisk x8  
  123  8:48  Queen  
  114  8:49  Extractor, Queen x2  
  119  9:03  Hydralisk x4  
  119  9:04  Hydralisk x3  
  133  9:11  Overlord  
  133  9:18  Hive  
  133  9:19  Overlord  
  133  9:23  Queen  
  133  9:25  Queen x2  
  137  9:32  Drone x2, Overlord  
  137  9:38  Spore Crawler  
  138  9:39  Spore Crawler x2  
  138  9:40  Spore Crawler  
  138  9:42  Pathogen Glands  
  138  9:43  Overlord  
  135  9:45  Drone  
  135  9:46  Drone x2  
  138  10:06  Pneumatized Carapace, Overseer  
  138  10:19  Hydralisk x2  
  138  10:20  Hydralisk x8, Roach x3  
  138  10:21  Roach x6  
  176  10:32  Spore Crawler  
  176  10:33  Spore Crawler  
  176  10:34  Spore Crawler  
  173  10:35  Spore Crawler  
  170  10:49  Hydralisk, Roach x2  
  125  10:59  Hydralisk x4  
  125  11:00  Hydralisk x2, Roach x4  
  109  11:26  Hydralisk x5, Roach x2  
  109  11:27  Roach x3  
  129  11:33  Drone x3  
  132  11:41  Drone x3  
  135  11:48  Extractor  
  135  11:49  Hatchery  
  121  12:10  Hatchery  
  121  12:12  Hydralisk x3, Roach  
  121  12:13  Roach x2  
  132  12:30  Viper x6  
  132  12:34  Hydralisk, Roach  
  154  12:40  Drone x3  
  154  12:41  Drone x3  
  160  12:54  Overlord x2  
  160  12:56  Zerg Ground Armor Level 3  
  160  13:16  Hydralisk x3, Roach x3  
  160  13:17  Roach x2  
  176  13:21  Spore Crawler  
  173  13:39  Hydralisk, Roach x2  
  175  13:53  Hydralisk x5, Roach x2  
  175  13:54  Roach x3  
  195  13:58  Overlord  
  195  14:17  Hydralisk  
  195  14:18  Roach  
  195  14:41  Overlord x2  
  195  14:47  Overseer  
  195  14:50  Overlord  
  133  15:21  Viper x4  
  133  15:22  Viper x2  
  133  15:26  Hydralisk x5  
  133  15:27  Hydralisk x8  
  177  15:32  Spire  
  148  15:43  Overlord x3  
  148  15:48  Spore Crawler  
  148  15:49  Spore Crawler  
  136  15:50  Spore Crawler  
  136  15:51  Spore Crawler  
  136  15:52  Spore Crawler x3  
  136  15:53  Spore Crawler x2  
  136  15:54  Spore Crawler  
  111  15:58  Overseer  
  109  16:04  Spore Crawler x2  
  109  16:05  Spore Crawler  
  98  16:11  Spore Crawler  
  98  16:12  Spore Crawler x2  
  92  16:32  Spawning Pool  
Tags
 
Add a new tag
Caveats
  • Supply blocks, unpowered buildings, or Contaminate may cause inaccurate times.
  • Supply counts are checked every 10 seconds.